 Dungeon Crawl Stone Soup version 0.27.0-1-g7a089689b8 (webtiles) character file.

Game seed: 6094506257611108969

120261 Grimdewalt the Imperceptible (level 15, -11/73 HPs)
             Began as a Spriggan Enchanter on Aug 14, 2021.
             Was the Champion of Dithmenos.
             Killed by the air
             ... invoked by Quickbrownfox's ghost
              (17 damage)
             ... on level 2 of the Shoals.
             The game lasted 02:32:26 (43290 turns).

Grimdewalt the Imperceptible (Spriggan Enchanter)  Turns: 43290, Time: 02:32:26

Health: -11/73     AC:  9    Str:  4    XL:     15   Next: 99%
Magic:  35/35      EV: 25    Int: 21    God:    Dithmenos [******]
Gold:   515        SH: 15    Dex: 20    Spells: 14/44 levels left

rFire    + . .     SeeInvis +   i - +4 quick blade
rCold    . . .     Faith    .   W - +2 buckler
rNeg     . . .     Spirit   .   Q - +4 robe of Ytauboh {rElec Dex+2}
rPois    +         Reflect  +   A - +2 hat
rElec    +         Harm     .   p - +0 cloak
rCorr    .         Rampage  .   (gloves unavailable)
Will     ++...                  (boots unavailable) Stlth *******+++
                                C - amulet of reflection
HPRegen  0.22/turn              n - ring of protection from fire
MPRegen  0.24/turn              y - ring of poison resistance

@: wreathed by umbra, very quick
A: very small, no large weapons, unfitting armour, see invisible, speed 3
}: 1/15 runes: barnacled
a: Renounce Religion, Shadow Step, Shadow Form


You were on level 2 of the Shoals.
You worshipped Dithmenos.
Dithmenos was exalted by your worship.
You visited 5 branches of the dungeon, and saw 26 of its levels.
You visited 1 bazaar.

You collected 3206 gold pieces.
You spent 2691 gold pieces at shops.

Inventory:

Hand Weapons
 a - a +2 dagger of venom
 i - a +4 quick blade (weapon)
Missiles
 B - 8 throwing nets
 E - 71 poisoned darts
Armour
 p - a +0 cloak (worn)
 A - a +2 hat (worn)
 Q - the +4 robe of Ytauboh (worn) {rElec Dex+2}
   (You found it on level 6 of the Lair of Beasts)

   Dex:       It affects your dexterity (+2).
   rElec:     It insulates you from electricity.
 W - a +2 buckler (worn)
 X - a +0 robe of resistance
Jewellery
 n - a ring of protection from fire (left hand)
 o - the amulet of Vocoamig {Acrobat Rampage *Corrode rC+ Dex+2}
   (You took it off a deep elf pyromancer on level 12 of the Dungeon)

   [amulet of the acrobat]

   It increases your evasion while moving and waiting.
   Dex:       It affects your dexterity (+2).
   rC:        It protects you from cold.
   *Corrode:  It may corrode you when you take damage.
   Rampage:   It bestows one free step when moving towards enemies.
 t - a +6 ring of intelligence
 y - a ring of poison resistance (right hand)
 C - an amulet of reflection (around neck)
 J - a ring of resist corrosion
 R - the ring "Ezim" {Fire Dex+3}
   (You found it on level 8 of the Dungeon)

   [ring of fire]

   It enhances your fire magic.
   Dex:       It affects your dexterity (+3).
   rF:        It protects you from fire.
   rC:        It makes you vulnerable to cold.
 Z - the amulet of Ybeec {RegenMP Int+4}
   (You bought it in a shop in a bazaar)

   [amulet of magic regeneration]

   It increases your rate of magic regeneration.
   Int:       It affects your intelligence (+4).
Wands
 j - a wand of charming (19)
 r - a wand of iceblast (8)
 w - a wand of acid (21)
 H - a wand of flame (10) (quivered)
 L - a wand of paralysis (21)
 P - a wand of digging (10)
 U - a wand of polymorph (12)
Scrolls
 b - a scroll of enchant weapon
 d - a scroll of silence
 g - 3 scrolls of vulnerability
 k - 23 scrolls of teleportation
 l - 3 scrolls of enchant armour
 x - 4 scrolls of magic mapping
 z - a scroll of summoning
 F - 6 scrolls of immolation
 G - 7 scrolls of blinking
 K - 2 scrolls of fear
 M - a scroll of torment
 O - 9 scrolls of fog
 S - a scroll of holy word
 T - 4 scrolls of identify {@r1}
Potions
 c - a potion of resistance
 e - 6 potions of flight
 f - 7 potions of ambrosia
 h - 8 potions of lignification
 m - a potion of cancellation
 q - 5 potions of attraction
 s - 10 potions of curing {@q1}
 u - 2 potions of mutation
 v - 6 potions of haste
 D - 3 potions of might
 I - 4 potions of brilliance
 N - a potion of magic
 Y - 3 potions of invisibility
Miscellaneous
 V - a phantom mirror


   Skills:
 + Level 5.8 Fighting
 - Level 7.1 Short Blades
 + Level 10.3 Dodging
 - Level 24.2 Stealth
 + Level 5.6 Shields
 + Level 15.4 Spellcasting
 + Level 15.2 Hexes
 + Level 5.0 Necromancy
 + Level 7.2 Transmutations
 - Level 2.0 Ice Magic


You had 14 spell levels left.
You knew the following spells:

 Your Spells              Type           Power      Damage    Failure   Level
a - Corona                Hex            76%        N/A       0%          1
b - Confusing Touch       Hex            69%        N/A       1%          3
c - Tukima's Dance        Hex            69%        N/A       1%          3
d - Ensorcelled Hibernat  Hex/Ice        100%       N/A       1%          2
e - Silence               Hex/Air        24%        N/A       4%          5
f - Blink                 Tloc           N/A        N/A       6%          2
g - Necromutation         Tmut/Necr      20%        N/A       100%        8
h - Passwall              Tmut/Erth      25%        N/A       1%          2
i - Cause Fear            Hex            34%        N/A       1%          4

Your spell library contained the following spells:

 Spells                   Type           Power      Damage    Failure   Level
 Animate Skeleton         Necr           74%        N/A       1%          1
 Beastly Appendage        Tmut           92%        N/A       1%          1
 Pain                     Necr           100%       1d9       1%          1
 Sting                    Tmut/Pois      100%       1d8       1%          1
 Dazzling Flash           Conj/Hex       96%        N/A       1%          3
 Inner Flame              Hex/Fire       48%        N/A       1%          3
 Portal Projectile        Hex/Tloc       96%        N/A       1%          3
 Vampiric Draining        Necr           18%        2d8       1%          3
 Fulminant Prism          Conj/Hex       24%        3d13      1%          4
 Corpse Rot               Necr/Air       N/A        N/A       2%          2
 Magic Dart               Conj           64%        1d6       4%          1
 Sandblast                Erth           32%        2d9       4%          1
 Shock                    Conj/Air       64%        1d7       4%          1
 Ignite Poison            Fire/Tmut/Pois 26%        N/A       4%          3
 Poisonous Vapours        Pois/Air       32%        N/A       6%          2
 Searing Ray              Conj           32%        3d4       6%          2
 Blade Hands              Tmut           23%        N/A       6%          5
 Gell's Gravitas          Tloc           8%         N/A       12%         3
 Lesser Beckoning         Tloc           8%         N/A       12%         3
 Teleport Other           Tloc           16%        N/A       12%         3
 Agony                    Necr           37%        N/A       14%         5
 Excruciating Wounds      Necr           18%        N/A       14%         5
 Alistair's Intoxication  Tmut/Pois      20%        N/A       26%         5
 Olgreb's Toxic Radiance  Pois           16%        N/A       38%         4
 Passage of Golubria      Tloc           N/A        N/A       38%         4
 Discord                  Hex            34%        N/A       45%         8
 Freezing Cloud           Conj/Ice/Air   9%         6-21      65%         5
 Lee's Rapid Deconstruct  Erth           8%         3d8*      75%         5
 Manifold Assault         Tloc           16%        N/A       75%         5
 Simulacrum               Ice/Necr       15%        N/A       83%         6
 Dispersal                Tloc           8%         N/A       99%         6
 Borgnjor's Revivificati  Necr           18%        N/A       100%        8
 Lehudib's Crystal Spear  Conj/Erth      8%         10d3      100%        8
 Death's Door             Necr           18%        N/A       100%        9
 Polar Vortex             Ice            12%        N/A       100%        9


Dungeon Overview and Level Annotations

Branches:
Dungeon (13/15)            Temple (1/1) D:5            Lair (6/6) D:11
 Shoals (4/4) Lair:4        Snake (0/4) Lair:2        Slime (0/5) Lair:6
    Orc (2/2) D:9             Elf (0/3) Orc:2
 Vaults: D:13-14

Altars:
Ashenzari
Cheibriados
Dithmenos
Elyvilon
Fedhas
Gozag
Hepliaklqana
Kikubaaqudgha
Makhleb
Nemelex Xobeh
Okawaru
Qazlal
Ru
Sif Muna
Trog
Uskayaw
Vehumet
Wu Jian
Xom
Yredelemnul
Zin
The Shining One

Shops:
D:1 *   D:2 ?   D:6 **   Orc:2 ?([(   Shoals:1 *   Shoals:3 (

Annotations:
D:5 Sigmund
D:6 1 runed translucent door
D:8 Ijustatesigmund's ghost, novice HOFi
D:9 Gastronok; mora's ghost, novice DEFE
D:13 Nessos
Shoals:1 exclusion: obsidian statue
Shoals:2 Polyphemus; Quickbrownfox's ghost, journeyman DsIE


Innate Abilities, Weirdness & Mutations

You are very small and have problems with some larger weapons.
You are too small for most types of armour.
You have supernaturally acute eyesight. (SInv)
You cover ground extremely quickly. (Speed+++)


Message History

Okay, then.
As you read the scroll of fear, it crumbles to dust.
You assume a fearsome visage.
The wind drake looks frightened!
The satyr looks frightened!
Quickbrownfox's ghost is unaffected.
The merfolk javelineer looks frightened!
The merfolk siren looks frightened!
Your +0 spear closely misses the merfolk siren.
Your +0 spear hits the merfolk siren.
Your +0 spear hits the merfolk siren from afar!
Quickbrownfox's ghost tries to blend into its surroundings.
Quickbrownfox's ghost hits you but does no damage.
You enter the shallow water.
Moving in this stuff is going to be slow.
Your +0 spear completely misses something.
You enter the shallow water.
Moving in this stuff is going to be slow.
Press: ? - help, v - describe, . - travel The floor.
This square is wreathed by an umbra.
Quickbrownfox's ghost shrieks, "What do you have that I didn't have?"
There is a stone staircase leading down here.
Aiming: Throw Flame
Press: ? - help, Q - select action, (/) - cycle Shift-Dir - straight line, f - Quickbrownfox's ghost
Aim: Quickbrownfox's ghost, wielding a vorpal weapon (umbra, 68% to hit)
The puff of flame hits Quickbrownfox's ghost but does no damage.
Aiming: Throw Flame
Press: ? - help, Q - select action, (/) - cycle Shift-Dir - straight line, f/p - Quickbrownfox's ghost
Aim: Quickbrownfox's ghost, wielding a vorpal weapon (umbra, 68% to hit)
The puff of flame hits Quickbrownfox's ghost but does no damage.
Quickbrownfox's ghost hits you!
You climb downwards.
Level annotation: Polyphemus
There is a stone staircase leading up here.
Quickbrownfox's ghost waves its arms in wide circles.
The air twists around and strikes you!!
You emit a cloud of dark smoke.
Quickbrownfox's ghost waves its arms in wide circles.
The air twists around and strikes you!!
* * * LOW HITPOINT WARNING * * *
You see here a +0 quarterstaff.
You see here a +0 spear.
You enter the shallow water.
Moving in this stuff is going to be slow.
You enter the shallow water.
Moving in this stuff is going to be slow.
Quickbrownfox's ghost waves its arms in wide circles.
The air twists around and strikes you!
* * * LOW HITPOINT WARNING * * *
Quickbrownfox's ghost waves its arms in wide circles.
The air twists around and strikes you!
You die...

≈≈..(....##≈≈≈≈≈≈......≈≈≈≈≈≈≈≈≈≈
≈≈.≈.≈...W≈≈≈≈≈≈≈≈≈≈≈...≈≈≈≈≈≈≈≈P
≈≈≈≈.≈(≈≈≈.≈≈≈≈≈≈........≈≈...P..
≈≈≈≈≈≈≈≈..≈≈≈.≈.......#..≈≈.....≈
≈≈≈≈≈≈≈≈.≈≈≈≈≈≈..≈..≈....≈≈≈.....
≈≈≈≈≈≈≈≈≈≈≈.≈≈≈≈≈≈≈≈≈P≈≈≈≈≈≈≈...>
≈≈≈≈≈≈≈≈≈≈≈P≈≈..≈..≈..≈≈≈≈≈≈≈..≈≈
.≈≈≈≈≈P≈≈≈≈≈≈≈.........≈≈≈≈.#...≈
.≈≈≈≈≈≈.....≈≈.(@.....P≈≈.≈....≈≈
≈...≈≈≈..........##....≈≈.≈≈≈≈≈≈P
≈....≈≈..≈.......#..P...≈≈≈≈..≈≈≈
...≈≈≈..................≈≈≈≈≈P≈≈P
.≈≈)≈≈.#..........≈≈P≈..≈≈≈≈≈≈≈≈.
≈≈≈........P..≈≈≈≈≈≈PP≈..≈≈≈≈≈≈≈.
≈............≈≈≈≈P≈≈≈P.≈.≈..≈≈≈≈.
.).≈...#.P.P.≈≈≈≈P≈≈..≈≈≈≈≈.≈≈≈≈.
≈.≈..###...≈P.≈≈≈P≈≈P≈.....≈≈≈≈≈≈


You could see Quickbrownfox's ghost.

Vanquished Creatures
  Louise (Lair:4)
  Josephine (D:13)
  2 merfolk javelineers (Shoals:4)
  7 merfolk impalers
  6 hydras
  A boulder beetle (Lair:5)
  3 merfolk avatars
  Erica (Lair:2)
  A catoblepas (Lair:6)
  4 alligator snapping turtles
  2 satyrs
  2 centaur warriors
  3 two-headed ogres
  5 merfolk aquamancers
  2 death yaks (Shoals:2)
  15 sea snakes
  2 lindwurms (Lair:6)
  2 deep elf pyromancers
  12 harpies
  An orc knight (Orc:2)
  17 fauns
  11 manticores
  2 ugly things (D:12)
  9 cyclopes
  4 water nymphs
  5 merfolk sirens
  Maurice (D:9)
  4 black mambas
  Joseph (Lair:1)
  14 cane toads
  8 komodo dragons
  A troll (D:12)
  8 polar bears
  7 hornets
  20 merfolk
  6 wind drakes
  21 blink frogs
  6 dream sheep
  3 snapping turtles
  A dancing weapon (D:12)
  9 spriggans
  9 wraiths
  2 shadows
  Grum (D:8)
  23 yaks
  6 water elementals
  A vampire mosquito (D:12)
  A basilisk (Lair:1)
  A steam dragon (D:7)
  A warg (Orc:2)
  A naga (Lair:2)
  An acid dragon (shapeshifter) (D:12)
  3 acid dragons
  22 water moccasins
  2 ice beasts
  6 black bears
  15 orc warriors
  2 necrophages
  37 wolves
  2 ogres
  4 boggarts (Lair:6)
  16 centaurs
  A phantom (D:4)
  15 bullfrogs
  A gnoll sergeant (D:8)
  4 scorpions
  A wyvern skeleton (D:7)
  A water moccasin skeleton (D:5)
  6 killer bees
  3 wights (D:9)
  4 howler monkeys
  A bullfrog zombie (D:5)
  4 centaur zombies
  5 jellies
  18 orc priests
  A gnoll shaman (D:8)
  3 hounds
  6 iguanas
  13 orc wizards
  Terence (D:3)
  4 hell rats (Lair:4)
  11 gnolls
  2 river rats (Lair:4)
  8 adders
  A shadow imp (D:6)
  A white imp (D:6)
  3 worms
  3 dart slugs
  43 orcs
  5 ball pythons
  10 endoplasms
  5 giant cockroaches
  4 hobgoblins
  8 jackals
  7 kobolds
  7 quokkas
  5 bats
  6 frilled lizards
  9 goblins
  2 goblin zombies (D:6)
  13 rats
632 creatures vanquished.

Vanquished Creatures (collateral kills)
  2 merfolk impalers (Shoals:3)
  2 satyrs
  Urug (Lair:5)
  Sonja (D:11)
  An orc knight (Orc:2)
  9 fauns
  2 merfolk sirens
  8 merfolk
  3 spriggans (Lair:6)
  A vampire mosquito (D:12)
  2 nagas (Lair:2)
  14 orc warriors (Orc:2)
  4 centaurs (Orc:2)
  3 gnoll sergeants
  A wight (D:9)
  Crazy Yiuf (D:2)
  8 gnolls
  6 orcs
  A goblin (D:3)
  A kobold (D:3)
71 creatures vanquished.

Vanquished Creatures (others)
  A satyr (Shoals:4)
  26 dancing weapons
  2 demonic plants (D:2)
  38 fungi
  310 plants
377 creatures vanquished.

Grand Total: 1080 creatures vanquished

Notes
Turn   | Place    | Note
-------+----------+-------------------------------------------
     0 | D:1      | Grimdewalt the Spriggan Enchanter began the quest for the
                  | Orb.
     0 | D:1      | Reached XP level 1. HP: 9/9 MP: 5/5
   400 | D:1      | Reached skill level 5 in Stealth
   400 | D:1      | Reached XP level 2. HP: 13/13 MP: 6/6
   893 | D:1      | Found Bepleor's Assorted Antiques.
   914 | D:1      | Bought a scroll labelled FIMNELOCZU for 21 gold pieces
   938 | D:1      | Reached XP level 3. HP: 12/16 MP: 8/8
  1059 | D:1      | Learned a level 3 spell: Confusing Touch
  1063 | D:1      | Learned a level 3 spell: Tukima's Dance
  1695 | D:2      | Found a faded altar of an unknown god.
  2975 | D:2      | Reached XP level 4. HP: 13/21 MP: 9/9
  3256 | D:2      | Found Hinayvog's Magic Scroll Shop.
  3708 | D:2      | Found a runed translucent door.
  3710 | D:2      | Noticed Crazy Yiuf
  3772 | D:2      | Learned a level 2 spell: Ensorcelled Hibernation
  3922 | D:2      | Killed Crazy Yiuf
  3923 | D:2      | Reached skill level 6 in Stealth
  4535 | D:3      | Reached XP level 5. HP: 25/25 MP: 6/11
  5089 | D:3      | Noticed Terence
  5110 | D:3      | Killed Terence
  5111 | D:3      | Reached skill level 7 in Stealth
  5425 | D:3      | Reached XP level 6. HP: 25/29 MP: 5/13
  5568 | D:3      | Found a sparkling altar of Nemelex Xobeh.
  5594 | D:3      | Reached skill level 1 in Ice Magic
  6703 | D:4      | Reached skill level 5 in Hexes
  6711 | D:4      | Reached XP level 7. HP: 25/32 MP: 3/15
  7467 | D:5      | Entered Level 5 of the Dungeon
  7526 | D:5      | Reached skill level 8 in Stealth
  7526 | D:5      | Reached skill level 5 in Spellcasting
  7783 | D:5      | Found a staircase to the Ecumenical Temple.
  7823 | D:5      | Found a blossoming altar of Fedhas.
  7831 | D:5      | Reached skill level 9 in Stealth
  7864 | Temple   | Entered the Ecumenical Temple
  8003 | D:5      | Noticed Sigmund
  8154 | D:1      | Bought a lumpy golden potion for 18 gold pieces
  8154 | D:1      | Bought 2 silvery potions for 37 gold pieces
  8154 | D:1      | Bought a scroll labelled ETRIAN HEACETUTZ for 21 gold
                  | pieces
  8422 | D:5      | Identified the +4 falchion of Kuiv {protect, rCorr Int+4
                  | Dex+3}
  8454 | D:5      | Found an iron altar of Okawaru.
  8676 | D:5      | Got Tipotit's First Steps in Theurgy
  8712 | D:5      | Reached skill level 1 in Fighting
  8729 | D:5      | Reached skill level 10 in Stealth
  8729 | D:5      | Reached XP level 8. HP: 37/37 MP: 17/17
  9382 | D:5      | Reached skill level 11 in Stealth
  9482 | D:6      | Found Zyipidgh's Specific Store.
  9485 | D:6      | Found Waxi's General Store.
  9490 | D:6      | Identified the +5 ring mail of Duty {Str+2}
  9646 | D:6      | Found a runed translucent door.
  9652 | D:6      | Found a basalt altar of Yredelemnul.
  9918 | D:6      | Bought a potion of curing for 45 gold pieces
  9978 | D:7      | Found a radiant altar of Vehumet.
  9997 | D:7      | Noticed a hornet
 10115 | D:7      | Reached XP level 9. HP: 42/42 MP: 19/19
 10221 | D:7      | Found an ancient bone altar of Kikubaaqudgha.
 10276 | D:7      | Found an opulent altar of Gozag.
 10465 | D:7      | Reached skill level 12 in Stealth
 10467 | D:8      | Found a transporter.
 10531 | D:8      | Noticed Ijustatesigmund's ghost (novice HOFi)
 10794 | D:8      | Found a shimmering altar of Xom.
 10805 | D:8      | Found a white marble altar of Elyvilon.
 10838 | D:8      | Noticed Grum
 10861 | D:8      | Reached skill level 13 in Stealth
 10865 | D:8      | Killed Grum
 11085 | D:8      | Found a shimmering blue altar of Sif Muna.
 11194 | D:8      | Found a shadowy altar of Dithmenos.
 11195 | D:8      | Found a hazy altar of Hepliaklqana.
 11200 | D:8      | Became a worshipper of Dithmenos the Shadowed
 11733 | D:8      | Found a transporter.
 11797 | D:9      | Noticed Maurice
 11831 | D:9      | Killed Maurice
 11832 | D:9      | Reached skill level 5 in Dodging
 11832 | D:9      | Reached skill level 14 in Stealth
 12203 | D:9      | Reached XP level 10. HP: 46/46 MP: 17/22
 12232 | D:9      | Found a runed translucent door.
 12236 | D:9      | Reached skill level 5 in Short Blades
 12518 | D:9      | Noticed Gastronok
 12627 | D:9      | Found a staircase to the Orcish Mines.
 12654 | D:9      | You fall into a shaft and drop 3 floors!
 12759 | D:12     | Noticed a cyclops
 12766 | D:12     | Killed a cyclops
 12767 | D:12     | Reached skill level 1 in Shields
 12798 | D:12     | Noticed a two-headed ogre
 12826 | D:12     | Killed a two-headed ogre
 13057 | D:12     | Identified the amulet of Vocoamig {Acrobat Rampage *Corrode
                  | rC+ Dex+2}
 13057 | D:12     | Noticed a deep elf pyromancer
 13109 | D:12     | Reached skill level 15 in Stealth
 13270 | D:12     | Noticed a two-headed ogre
 13289 | D:12     | Noticed a six-headed hydra
 13300 | D:12     | Killed a two-headed ogre
 13315 | D:12     | Killed a six-headed hydra
 13315 | D:12     | Reached * piety under Dithmenos
 13622 | D:10     | Entered Level 10 of the Dungeon
 13652 | D:9      | Noticed mora's ghost (novice DEFE)
 14061 | D:1      | Bought 2 red potions for 37 gold pieces
 14201 | D:2      | Bought a scroll of teleportation for 39 gold pieces
 14201 | D:2      | Bought a scroll of magic mapping for 45 gold pieces
 14201 | D:2      | Bought a scroll of fog for 26 gold pieces
 14201 | D:2      | Bought a scroll of identify for 26 gold pieces
 15296 | D:8      | Identified the ring "Ezim" {Fire Dex+3}
 15571 | D:10     | Reached XP level 11. HP: 50/50 MP: 25/25
 15638 | D:10     | Reached skill level 10 in Hexes
 16012 | D:11     | Reached skill level 16 in Stealth
 16085 | D:11     | Noticed a centaur warrior
 16091 | D:11     | Killed a centaur warrior
 16092 | D:11     | Reached skill level 10 in Spellcasting
 16425 | D:11     | Noticed Sonja
 16453 | D:11     | Killed Sonja
 16460 | D:11     | Reached skill level 17 in Stealth
 16643 | D:11     | Found a staircase to the Lair.
 16717 | Lair:1   | Entered Level 1 of the Lair of Beasts
 16738 | Lair:1   | Noticed Joseph
 16749 | Lair:1   | Killed Joseph
 16938 | Lair:1   | Reached skill level 18 in Stealth
 17166 | Lair:1   | Reached ** piety under Dithmenos
 17339 | Lair:1   | Reached skill level 19 in Stealth
 17914 | Lair:2   | Found a staircase to the Snake Pit.
 18006 | Lair:2   | Reached XP level 12. HP: 56/56 MP: 22/28
 18342 | Lair:2   | Noticed Erica
 18350 | Lair:2   | Killed Erica
 18351 | Lair:2   | Reached skill level 20 in Stealth
 18407 | Lair:2   | You fall into a shaft and drop 2 floors!
 18407 | Lair:4   | Found a staircase to the Shoals.
 18933 | Lair:3   | You fall into a shaft and drop 1 floor!
 19008 | Lair:3   | Reached skill level 21 in Stealth
 19392 | Lair:2   | Reached *** piety under Dithmenos
 19811 | Lair:3   | Identified the +4 morningstar "Coifoze" {venom, rPois rF+
                  | Str+6}
 19871 | Lair:4   | Noticed a seven-headed hydra
 19877 | Lair:4   | Killed a seven-headed hydra
 19878 | Lair:4   | Reached skill level 22 in Stealth
 20033 | Lair:4   | Noticed a five-headed hydra
 20268 | Lair:4   | Killed a five-headed hydra
 21221 | Lair:5   | Noticed a boulder beetle
 21228 | Lair:5   | Killed a boulder beetle
 21285 | Lair:5   | Noticed Urug
 21677 | Lair:5   | Reached XP level 13. HP: 59/59 MP: 26/29
 21686 | Lair:5   | Reached **** piety under Dithmenos
 21921 | Lair:5   | Killed Urug
 22269 | Lair:6   | Entered Level 6 of the Lair of Beasts
 22586 | Lair:6   | Reached skill level 23 in Stealth
 23778 | Lair:6   | Found a staircase to the Slime Pits.
 23903 | Lair:6   | Reached ***** piety under Dithmenos
 25757 | Lair:6   | Identified the +4 robe of Ytauboh {rElec Dex+2}
 27173 | D:13     | Noticed Josephine
 27181 | D:13     | Killed Josephine
 27182 | D:13     | Reached XP level 14. HP: 65/65 MP: 32/32
 27216 | D:13     | Reached skill level 24 in Stealth
 27378 | D:13     | Noticed Nessos
 27437 | Orc:1    | Entered Level 1 of the Orcish Mines
 27724 | Orc:2    | Entered Level 2 of the Orcish Mines
 27736 | Orc:2    | Found a staircase to the Elven Halls.
 27819 | Orc:2    | Found a bloodstained altar of Trog.
 29663 | Orc:2    | Reached ****** piety under Dithmenos
 29907 | Orc:2    | HP: 1/65 [cyclops/large rock (32)]
 31149 | Orc:2    | Found Puasm's Antique Weapon Boutique.
 31149 | Orc:2    | Found Virocu's Antique Armour Emporium.
 31151 | Orc:2    | Found Unirocho's Antique Weapon Shoppe.
 31153 | Orc:2    | Found Ret Huva's Magic Scroll Shop.
 31169 | Orc:2    | Bought a scroll of teleportation for 42 gold pieces
 31169 | Orc:2    | Bought a scroll of teleportation for 42 gold pieces
 31169 | Orc:2    | Bought a scroll of fear for 49 gold pieces
 31169 | Orc:2    | Bought a scroll of teleportation for 42 gold pieces
 31169 | Orc:2    | Bought a scroll of teleportation for 42 gold pieces
 31169 | Orc:2    | Bought a scroll of noise for 14 gold pieces
 31169 | Orc:2    | Bought a scroll of vulnerability for 105 gold pieces
 31169 | Orc:2    | Bought a scroll of amnesia for 49 gold pieces
 31175 | Orc:2    | Identified a scroll of acquirement
 31567 | D:2      | Bought a scroll of blinking for 97 gold pieces
 31567 | D:2      | Bought a scroll of teleportation for 39 gold pieces
 31567 | D:2      | Bought a scroll of blinking for 97 gold pieces
 31567 | D:2      | Bought a scroll of teleportation for 39 gold pieces
 31740 | D:6      | Bought a potion of might for 60 gold pieces
 31740 | D:6      | Bought a potion of haste for 150 gold pieces
 31740 | D:6      | Bought a potion of invisibility for 120 gold pieces
 31918 | Shoals:1 | Entered Level 1 of the Shoals
 32105 | Shoals:1 | Found a flickering gateway to a bazaar.
 32135 | Bazaar   | Entered a bazaar
 32135 | Bazaar   | Found Quxof's Antique Armour Boutique.
 32142 | Bazaar   | Found Taps's Antique Weapon Shoppe.
 32150 | Bazaar   | Found Itabroit's Jewellery Shoppe.
 32161 | Bazaar   | Found Myuva's General Store.
 32172 | Bazaar   | Found Eshra's Magic Scroll Emporium.
 32245 | Bazaar   | Bought a scroll of blinking for 82 gold pieces
 32245 | Bazaar   | Bought a scroll of teleportation for 33 gold pieces
 32245 | Bazaar   | Bought 2 scrolls of fog for 44 gold pieces
 32245 | Bazaar   | Bought a scroll of magic mapping for 38 gold pieces
 32245 | Bazaar   | Bought a scroll of summoning for 104 gold pieces
 32245 | Bazaar   | Bought a scroll of torment for 82 gold pieces
 32256 | Bazaar   | Bought a scroll of holy word for 90 gold pieces
 32256 | Bazaar   | Bought a potion of haste for 120 gold pieces
 32276 | Bazaar   | Bought a glowing rapier for 161 gold pieces
 32286 | Bazaar   | Bought the amulet of Ybeec {RegenMP Int+4} for 635 gold
                  | pieces
 32358 | Shoals:1 | Found a runed translucent gate.
 32358 | Shoals:1 | Found a runed translucent gate.
 32358 | Shoals:1 | Found a runed translucent gate.
 32359 | Shoals:1 | Found an opulent altar of Gozag.
 32360 | Shoals:1 | Found Exeas's Assorted Antiques.
 32360 | Shoals:1 | Noticed Quickbrownfox's ghost (journeyman DsIE)
 32363 | Shoals:1 | Noticed Louise
 32401 | Shoals:1 | Learned a level 5 spell: Silence
 32404 | Shoals:1 | Learned a level 2 spell: Blink
 32413 | Shoals:1 | Learned a level 8 spell: Necromutation
 32670 | Shoals:1 | Reached skill level 1 in Transmutations
 32690 | Shoals:1 | Reached skill level 1 in Necromancy
 32852 | Shoals:1 | Got the Grimoire of Blistering Intoxication
 33772 | Lair:4   | Killed Louise
 34394 | Shoals:2 | Learned a level 2 spell: Passwall
 34417 | Shoals:2 | Noticed Polyphemus
 35224 | Shoals:2 | Reached XP level 15. HP: 70/70 MP: 31/34
 35379 | Shoals:2 | Acquired a +4 quick blade
 36780 | Shoals:3 | Reached skill level 5 in Transmutations
 37201 | Shoals:3 | Reached skill level 15 in Spellcasting
 37203 | Shoals:3 | Reached skill level 5 in Fighting
 37203 | Shoals:3 | Found Voylloof's Antique Weapon Boutique.
 37982 | Shoals:3 | Reached skill level 5 in Shields
 38125 | Shoals:4 | Entered Level 4 of the Shoals
 38716 | Shoals:4 | Identified the amulet of Xarabbu {rF- rC+ Will++ Regen+
                  | rCorr}
 38857 | Shoals:4 | Reached skill level 15 in Hexes
 39311 | Shoals:3 | Learned a level 4 spell: Cause Fear
 40572 | Shoals:4 | Reached skill level 10 in Dodging
 40702 | Shoals:4 | Identified the -1 helmet of Birdsong {Fly rF- Str+2 Dex+3}
 40763 | Shoals:4 | Got a barnacled rune of Zot
 40864 | Shoals:4 | Got Iseratery's Compendium of Poison
 42594 | Shoals:1 | Reached skill level 5 in Necromancy
 43290 | Shoals:2 | Killed from afar by Quickbrownfox's ghost

Illustrated notes

Levels and vault maps discovered:
D:1:      zelgadis_glass_arrival_small, layout_basic, serial_shops,
          nicolae_square_shop, serial_bayou_lagoon_a
D:2:      layout_basic, serial_shops, shop_fountains,
          shapermc_ecumenical_altar_gd, grunt_decor_arrowhead,
          corexii_leaking_fountain, supply_closet_lemuel,
          uniq_crazy_yiuf_cottage
D:3:      layout_loops_ring, nemelex_diamond_rough_becter,
          nicolae_underground_beach, uniq_terence
D:4:      layout_loops_cross
D:5:      layout_loops_ring, fedhas_altar_1, mainiacjoe_overflow_boulevard,
          temple_pool_b, uniq_sigmund
D:6:      cheibrodos_quashed, layout_rooms, dk_yredelemnul_ordeal,
          minmay_misc_feat_four_crosses, nicolae_specific_store
D:7:      layout_rooms, mainiacjoe_overflow_catwalk,
          nicolae_gozag_cash_rules_everything_around_me,
          mainiacjoe_overflow_brackets, serial_aquarium,
          aquarium_bridge_island_small [aquarium_subvault_small_water,
          aquarium_subvault_window, aquarium_subvault_bridge,
          aquarium_subvault_window, aquarium_subvault_wall], aquarium_window_2,
          aquarium_window_1, aquarium_window_corridor_2, aquarium_view_2c,
          aquarium_pool_corner
D:8:      layout_layer_cave, riverfiend_overflow_shadow_ancestor,
          lemuel_round_altar, marbit_many_paths, mainiacjoe_overflow_24_doors,
          gammafunk_ghost_gnarly_gnolls, hangedman_decor_clover_reticule,
          kennysheep_generic_room_8, uniq_grum
D:9:      layout_loops_cross, orc_0_dummy, ebering_ghost_reflecting_pool,
          kennysheep_another_room, minmay_misc_feat_encased, uniq_maurice,
          uniq_gastronok
D:10:     layout_cave_pools
D:11:     layout_rooms, lair_entry_dummy, special_room [special_room_bee],
          uniq_sonja
D:12:     layout_loops_cross, minmay_bent
D:13:     layout_basic, uniq_nessos, uniq_azrael, uniq_josephine
Temple:   compressed_dpeg_circular_temple
Lair:1:   layout_cave_pods, beast_lair_carwin_6, grunt_megastairs_5,
          lemuel_fruit_fields, uniq_joseph
Lair:2:   layout_hall_layers, guppyfry_snake_entry_island,
          infiniplex_staircase_pool_2, uniq_erica
Lair:3:   layout_roguey, serial_bayou_pond_a, chequers_serial_rivers_room_b
Lair:4:   layout_cave_pods, minmay_shoals_entry_centaurs,
          kennysheep_abandoned_house, infiniplex_staircase_pool,
          serial_bayou_shore_a, grunt_megastairs_3
Lair:5:   layout_loops_ring, uniq_urug
Lair:6:   minmay_lair_end_enchanted_forest, layout_cave_pods,
          nicolae_slime_entry_slimehenge
Shoals:1: layout_shoals, serial_shops, bzr_entry_islet, ebering_ghost_gozag,
          uniq_louise
Shoals:2: layout_shoals, nicolae_shoals_dead_sea_scrolls, uniq_polyphemus
Shoals:3: layout_shoals, serial_shops, nicolae_lakefront_shop
Shoals:4: shoals_end_grunt_garden, layout_shoals
Orc:1:    minmay_goldmine, layout_caves
Orc:2:    st_orc_rangers, layout_caves, basic_altar

Skill      XL: |  1  2  3  4  5  6  7  8  9 10 11 12 13 14 15 |
---------------+----------------------------------------------+-----
Stealth        | 5 6 7 10 11 14 15 19 22 23 24 | 24.2
Hexes          | 4 5 6 7 9 11 12 13 14 15 | 15.2
Short Blades   | 2 3 4 5 6 7 |  7.1
Spellcasting   | 3 4 5 6 7 9 11 13 14 15 | 15.4
Dodging        | 3 4 5 6 7 8 10 | 10.3
Ice Magic      | 1 2 |  2.0
Fighting       | 1 2 3 4 5 |  5.8
Shields        | 1 2 4 5 |  5.6
Transmutations | 4 7 |  7.2
Necromancy     | 2 5 |  5.0

Action                   |  1- 3 |  4- 6 |  7- 9 | 10-12 | 13-15 || total
-------------------------+-------+-------+-------+-------+-------++-------
Melee: Dagger            |   218 |   136 |   213 |   368 |   656 ||  1591
       Quick blade       |       |       |       |       |   180 ||   180
 Cast: Confusing Touch   |     9 |     7 |    13 |    32 |    33 ||    94
       Ensorcelled Hiber |       |    34 |    46 |   130 |   426 ||   636
       Tukima's Dance    |       |    12 |     9 |    19 |   153 ||   193
Evoke: Wand              |       |       |       |       |    75 ||    75
  Use: Scroll            |       |       |       |     9 |    14 ||    23
       Potion            |       |       |       |       |     2 ||     2
 Stab: Sleeping          |    14 |    29 |    65 |   111 |   250 ||   469
       Confused          |     3 |     5 |    13 |    30 |    30 ||    81
       Distracted        |       |       |       |     1 |     5 ||     6
Armor: Robe              |    23 |     7 |    17 |    10 |    36 ||    93
Dodge: Dodged            |   149 |    63 |    94 |   166 |   409 ||   881
Block: Other             |       |       |    11 |    21 |       ||    32
       Buckler           |       |       |       |   111 |   417 ||   528
       Reflection        |       |       |       |     4 |    60 ||    64
